 Dungeon Crawl Stone Soup version 0.19-a0-1201-gda63bca (webtiles) character file.

742 hairmachine the Basher (level 7, -13/108 HPs)
             Began as an Ogre Berserker on Aug 20, 2016.
             Was a Priest of Trog.
             Mangled by an ogre
             ... wielding a +0 giant club
              (27 damage)
             ... on level 5 of the Dungeon.
             The game lasted 00:13:58 (5832 turns).

hairmachine the Basher (Ogre Berserker)             Turns: 5832, Time: 00:13:58

Health: -13/108    AC:  3    Str: 28    XL:     7   Next: 76%
Magic:  7/7        EV: 11    Int:  6    God:    Trog [***...]
Gold:   248        SH:  0    Dex: 11    Spells: 0 memorised, 6 levels left

rFire  . . .     SeeInvis .     l - +0 mace
rCold  . . .     Gourm    .     b - +0 animal skin
rNeg   . . .     Faith    .     (no shield)
rPois  .         Spirit   .     (helmet restricted)
rElec  .         Dismiss  .     (no cloak)
rCorr  .         Reflect  .     (gloves unavailable)
MR     .....     Harm     .     (boots unavailable)
Stlth  ..........               (no amulet)
                                (no ring)
                                (no ring)

@: berserking, very quick
A: unfitting armour, tough skin 1
a: Berserk, Trog's Hand, Burn Spellbooks, Renounce Religion


You were on level 5 of the Dungeon.
You worshipped Trog.
Trog was most pleased with you.
You were not hungry.

You visited 1 branch of the dungeon, and saw 5 of its levels.

You collected 248 gold pieces.

Inventory:

Hand Weapons
 l - a +0 mace (weapon)
Missiles
 k - 49 stones (quivered)
Armour
 b - a +0 animal skin (worn)
Wands
 a - a wand of digging (7/24)
Scrolls
 g - a scroll of noise
 h - 2 scrolls of magic mapping
 j - 4 scrolls of identify
 q - a scroll of teleportation {unknown}
 r - a scroll of fear {unknown}
 s - a scroll of immolation {unknown}
Potions
 e - a potion of lignification {unknown}
 i - a potion of invisibility {unknown}
 m - a potion of curing {unknown}
 n - 2 potions of heal wounds {unknown}
 t - 2 potions of brilliance {unknown}
 u - 2 potions of magic {unknown}
Comestibles
 c - 3 bread rations
 d - 2 beef jerkies
 f - 5 meat rations


   Skills:
 + Level 5.3 Fighting
 + Level 9.7 Maces & Flails
 + Level 4.4 Dodging


You had 6 spell levels left.
You didn't know any spells.

Dungeon Overview and Level Annotations

Branches:
Dungeon (5/15)
 Temple: D:4-7

Altars:
Fedhas
Hepliaklqana
Uskayaw


Innate Abilities, Weirdness & Mutations

You are too large for most types of armour.
You have tough skin. (AC +1)


Message History

Okay, then.
You start eating one of the 6 meat rations.
Keep eating?
You stop eating.
An ogre is nearby!
You hit the ogre.
The ogre is lightly wounded.
The ogre hits you with a giant club!!
You start eating one of the 6 meat rations.
The ogre hits you with a giant club!
Keep eating?
You continue eating.
The ogre hits you with a giant club!
* * * LOW HITPOINT WARNING * * *
You continue eating.
You finish eating.
That meat ration really hit the spot!
A red film seems to cover your vision as you go berserk!
You feel yourself moving faster!
You feel mighty!
You feel somewhat more hungry. The ogre hits you with a giant club!!
You die...

################
#...)...........
#.############## #.# #..
#.# #.# #.# #.#
#########.#########.####
####.......................
.........O@.<..............
####.##.#####..##########.#
#..............#.......##.#
#.##...#####...#.#####.##.#
#......[#...#......5....
#....##.#...#######.##.#
#....#..............##.#
#>........#.##########.# #.
........................#


You could see an ogre.

Vanquished Creatures
  A phantom (D:5)
  An ogre (D:4)
  A centaur (D:5)
  A water moccasin skeleton (D:4)
  A crimson imp (D:5)
  2 hounds (D:4)
  An orc priest (D:5)
  An orc wizard (D:5)
  A worker ant (D:5)
  3 gnolls (D:2)
  12 adders
  A shadow imp (D:5)
  An ooze (D:1)
  3 worms (D:2)
  A dart slug (D:1)
  2 giant geckos
  8 orcs
  2 ball pythons (D:3)
  8 giant cockroaches
  7 goblins
  10 hobgoblins
  8 jackals
  2 quokkas
  13 bats
  13 giant newts
  12 kobolds
  4 rats
120 creatures vanquished.

Notes
Turn   | Place    | Note
-------+----------+-------------------------------------------
     0 | D:1      | hairmachine the Ogre Berserker began the quest for the Orb.
     0 | D:1      | Reached XP level 1. HP: 24/24 MP: 1/1
   307 | D:1      | Reached XP level 2. HP: 32/32 MP: 2/2
   450 | D:1      | Reached skill level 5 in Maces & Flails
   831 | D:1      | Reached XP level 3. HP: 39/39 MP: 3/3
  1603 | D:2      | Reached ** piety under Trog
  1744 | D:2      | Reached skill level 6 in Maces & Flails
  1773 | D:1      | Reached XP level 4. HP: 33/48 MP: 4/4
  2316 | D:2      | Reached skill level 7 in Maces & Flails
  2799 | D:2      | Reached XP level 5. HP: 53/54 MP: 5/5
  3399 | D:3      | Reached skill level 8 in Maces & Flails
  3558 | D:3      | Found a hazy altar of Hepliaklqana.
  3571 | D:3      | Found a blossoming altar of Fedhas.
  3672 | D:3      | Reached *** piety under Trog
  4166 | D:4      | Noticed a dagger
  4166 | D:4      | Noticed a hand axe
  4180 | D:4      | Reached XP level 6. HP: 58/62 MP: 6/6
  4561 | D:4      | Reached skill level 9 in Maces & Flails
  4707 | D:4      | Found a hide-covered altar of Uskayaw.
  4945 | D:5      | Entered Level 5 of the Dungeon
  5013 | D:5      | Reached XP level 7. HP: 71/71 MP: 7/7
  5499 | D:5      | Reached skill level 5 in Fighting
  5832 | D:5      | Mangled by an ogre

Vault maps used:
D:1:      dpeg_arrival_lava_temple_mockup, serial_forest,
          infiniplex_forest_clump_diagonal, infiniplex_forest_clump_tiny,
          infiniplex_forest_straight_2, infiniplex_forest_fountain,
          infiniplex_forest_straight_4, infiniplex_forest_lined_3_way,
          minmay_lizard_king
D:3:      kennysheep_six_static_rooms, amethyst_overflow_temple_binary,
          roderic_batcave
D:4:      dancing_weapons_uskayaw, first_bread
D:5:      lemuel_coloured_pillars_altar

Skill      XL: |  1  2  3  4  5  6  7 |
---------------+----------------------+-----
Maces & Flails | 5 6 7 8 9 |  9.7
Dodging        | 3 4 |  4.4
Fighting       | 5 |  5.3

Action                   |  1- 3 |  4- 6 |  7- 9 || total
-------------------------+-------+-------+-------++-------
Melee: Mace              |   109 |   228 |    90 ||   427
       Giant club        |       |    11 |       ||    11
Throw: Stone             |       |       |     1 ||     1
Invok: Berserk           |     2 |     5 |     2 ||     9
       Burn Spellbooks   |       |     1 |       ||     1
  Use: Scroll            |       |     5 |       ||     5
 Stab: Sleeping          |       |     1 |       ||     1
  Eat: Chunk             |     4 |    16 |     1 ||    21
       Meat ration       |       |       |     1 ||     1
       Royal jelly       |       |       |     1 ||     1
Armor: Animal skin       |    27 |    74 |    25 ||   126
Dodge: Dodged            |    45 |   129 |    47 ||   221
